 Dungeon Crawl Stone Soup version 0.32-a0-616-g9348d4545b (webtiles) character file.

Game seed: 11942856063356317140

1649360 backslashecho the Slayer (level 27, 242/242 HPs)
             Began as a Coglin Berserker on Mar 4, 2024.
             Was a High Priest of Trog.
             Escaped with the Orb
             ... and 3 runes on Mar 5, 2024!
             The game lasted 03:44:33 (69396 turns).

backslashecho the Slayer (Coglin Berserker)        Turns: 69396, Time: 03:44:33

Health: 242/242    AC: 26    Str: 27    XL:     27
Magic:  23/23      EV: 22    Int:  8    God:    Trog [*****.]
Gold:   2130       SH:  0    Dex: 17    Spells: 26/26 levels left

rFire   + + .        c - +9 broad axe (heavy) {Bunsong}
rCold   + + .        F - +6 broad axe (elec) {Fritz}
rNeg    + + .        R - quicksilver dragon scales of the Vestibule of Hell {+Blink rElec Will+ Int-2 Slay+3}
rPois   +            A - +1 hat of Jurom {rN++ Int+2 SInv}
rElec   +            x - scarf {rC+ rF+}
rCorr   +            w - +2 pair of gloves of Abstinence {rF+ rC+}
SInv    +            Y - +2 pair of boots {Fly}
Will    +++..        (amulet unavailable)
Stlth   +            (ring unavailable)
HPRegen 0.60/turn    (ring unavailable)
MPRegen 0.18/turn    G - reticulated assembler {Rampage Acrobat rPois rCorr Slay+3}

%: acrobat, clarity, rampage
@: flying
A: off-hand wielding, slow wielding, warmup strikes, no jewellery, clarity
0: Orb of Zot
}: 3/15 runes: serpentine, barnacled, slimy
a: Renounce Religion, Evoke Blink, Berserk, Trog's Hand, Brothers in Arms


You escaped.
You worshipped Trog.
Trog was extremely pleased with you.
You visited 10 branches of the dungeon, and saw 49 of its levels.
You also visited: Bailey and Gauntlet.

You collected 6222 gold pieces.
You spent 4092 gold pieces at shops.

Inventory:

Hand Weapons
 c - a +9 heavy broad axe (weapon) {Bunsong}
 g - the +9 war axe "Wiuheise" {flame, rF+ rC- rN++}
   (Trog gifted it to you on level 2 of the Lair of Beasts)

   rF+:       It protects you from fire.
   rC-:       It makes you vulnerable to cold.
   rN++:      It greatly protects you from negative energy.
 F - a +6 broad axe of electrocution (offhand) {Fritz}
Missiles
 a - 5 curare-tipped darts
 v - 38 poisoned darts (quivered)
 K - 11 throwing nets
Armour
 h - the +2 pair of gloves of the Valley {rC++ rCorr Str-4 Stlth-}
   (You found it on level 5 of the Pits of Slime)

   Str-4:     It affects your strength (-4).
   rC++:      It greatly protects you from cold.
   rCorr:     It protects you from acid and corrosion.
   Stlth-:    It makes you less stealthy.
 w - the +2 pair of gloves of Abstinence (worn) {rF+ rC+}
   (You found it on level 8 of the Dungeon)

   rF+:       It protects you from fire.
   rC+:       It protects you from cold.
 x - a scarf of resistance (worn)
 A - the +1 hat of Jurom (worn) {rN++ Int+2 SInv}
   (You found it on level 2 of the Depths)

   Int+2:     It affects your intelligence (+2).
   rN++:      It greatly protects you from negative energy.
   SInv:      It lets you see invisible.
 E - the +8 storm dragon scales of Zairara {rElec rF+ rN+ rCorr Str-5}
   (You took it off a centaur warrior on level 8 of the Dungeon)

   Str-5:     It affects your strength (-5).
   rF+:       It protects you from fire.
   rElec:     It insulates you from electricity.
   rN+:       It protects you from negative energy.
   rCorr:     It protects you from acid and corrosion.
 R - the quicksilver dragon scales of the Vestibule of Hell (worn) {+Blink rElec Will+ Int-2 Slay+3}
   (You bought it in a shop on level 2 of the Orcish Mines)

   Int-2:     It affects your intelligence (-2).
   Slay+3:    It affects your accuracy & damage with ranged weapons and melee
   (+3).
   rElec:     It insulates you from electricity.
   Will+:     It increases your willpower.
   +Blink:    It lets you blink.
 Y - a +2 pair of boots of flying (worn)
Gizmo
 G - a reticulated assembler (installed) {Rampage Acrobat rPois rCorr Slay+3}
   (You invented it yourself on level 4 of the Lair of Beasts)

   [reticulated assembler]

   Slay+3:    It affects your accuracy & damage with ranged weapons and melee
   (+3).
   rPois:     It protects you from poison.
   rCorr:     It protects you from acid and corrosion.
   Rampage:   It bestows one free step when moving towards enemies.
   Acrobat:   It increases your evasion after moving or waiting.
Wands
 m - a wand of charming (52)
 u - a wand of digging (3)
 C - a wand of mindburst (45)
 I - a wand of roots (20)
 J - a wand of flame (91)
 U - a wand of quicksilver (3)
 V - a wand of polymorph (25)
Scrolls
 b - 13 scrolls of teleportation
 d - a scroll of immolation
 e - 7 scrolls of vulnerability
 k - a scroll of blinking
 q - a scroll of revelation
 t - 4 scrolls of poison
 B - 9 scrolls of fear
 N - 5 scrolls of fog
Potions
 f - 9 potions of resistance
 i - a potion of magic
 l - 9 potions of enlightenment
 o - 21 potions of curing
 p - a potion of cancellation
 r - 2 potions of berserk rage
 s - 6 potions of haste
 z - 10 potions of heal wounds
 D - 3 potions of invisibility
 H - 2 potions of might
 P - 3 potions of mutation
 S - 2 potions of ambrosia
Miscellaneous
 n - a condenser vane
 L - a lightning rod (4/4)
 M - a phantom mirror
 O - a box of beasts
 Q - a phial of floods


   Skills:
 + Level 25.5 Fighting
 - Level 0.8(1.3) Short Blades
 - Level 1.8(2.0) Long Blades
 - Level 21.0 Axes
 - Level 6.0 Throwing
 - Level 21.0 Armour
 - Level 18.0 Dodging
 - Level 21.0 Evocations


You had 26 spell levels left.
You didn't know any spells.
Your spell library was empty.

Dungeon Overview and Level Annotations

Branches:
Dungeon (15/15)            Temple (1/1) D:5            Lair (5/5) D:10
 Shoals (4/4) Lair:2        Snake (4/4) Lair:2        Slime (5/5) Lair:4
    Orc (2/2) D:11            Elf (0/3) Orc:2        Vaults (4/5) D:14
  Crypt (0/3) Vaults:2     Depths (4/4) D:15            Zot (5/5) Depths:4
 Bailey (visited)         Gauntlet (visited)

Altars:
Ashenzari
Cheibriados
Dithmenos
Elyvilon
Fedhas
Gozag
Hepliaklqana
Kikubaaqudgha
Makhleb
Nemelex Xobeh
Okawaru
Qazlal
Ru
Sif Muna
Trog
Uskayaw
Vehumet
Wu Jian
Xom
Yredelemnul
Zin
The Shining One
Beogh
Jiyva

Shops:
D:14 :   Orc:2 [[([   Shoals:2 *?   Snake:2 =:   Snake:3 [   Vaults:2 ((*
Vaults:4 :   Depths:2 *

Portals:
Hell: Depths:1 Depths:2 Depths:3 Depths:4
Abyss: Depths:1 Depths:3 Depths:4
Pandemonium: Depths:2
Ziggurat: Depths:3

Annotations:
Lair:1 3 runed translucent doors, exclusion: 3 doors, mitch45678's ghost, journeyman OnFi
Vaults:3 1 runed translucent door, exclusion: door, Zissick's ghost, adept MiBr
Zot:3 3 exclusions
Zot:4 exclusions: 2 downstairs and 2 more exclusions
Zot:5 2 exclusions


Innate Abilities, Weirdness & Mutations

You can wield a second weapon in your off-hand.
It takes a long time for you to wield or remove held weapons.
Your first few attacks do less damage.
You cannot equip rings or amulets.
You possess an exceptional clarity of mind.


Message History

There is a stone staircase leading up here.
You fly upwards.
There is a stone staircase leading down here.
You see here a +0 club.
There is a stone staircase leading up here.
You fly upwards.
There is a stone staircase leading down here.
Benleomn comes into view. It is armed with a freezing touch.
Benleomn rustles, "Thy viscera shall be my dinner!"
Health restored: 242
Press: ? - help, v - describe, . - travel
Here: Benleomn, armed with a freezing touch (surrounded by freezing clouds)
The floor.
You feel yourself speed up. Benleomn gestures at you.
Benleomn blinks!
Blink to where?
Press: ? - help, Dir - move target
As you read the scroll of blinking, it crumbles to dust.
There is a stone staircase leading up here.
You fly upwards.
There is a stone staircase leading down here.
There is an open door here.
You reach down and open the door.
There is an open door here.
There is an open door here.
Your extra speed is starting to run out.
Things that are here:
a yak skeleton; a yak skeleton; a yak skeleton
There is an open door here.
You feel yourself slow down.
There is a stone staircase leading up here.
You fly upwards.
There is a stone staircase leading down here.
You see here a +0 flail of protection.
There is a stone staircase leading up here.
You fly upwards.
There is a stone staircase leading down here.
There is an open door here.
There is a stone staircase leading up here.
You fly upwards.
There is a stone staircase leading down here.
An ancient lich comes into view.
There is a stone staircase leading up, spattered with blood here.
You fly upwards.
There is a stone staircase leading down here.
An angel comes into view. It is wielding a +2 whip of holy wrath.
The angel shouts!
There is a stone staircase leading up here.
The angel hits you but does no damage. x2
You fly upwards.
There is a stone staircase leading down here.
You slice the angel with your +6 broad axe of electrocution!!
The angel is moderately wounded.
You open the angel like a pillowcase with your +9 heavy broad axe!!!!
You kill the angel!
Trog accepts your kill.
There is a stone staircase leading up here.
You fly upwards.
There is a stone staircase leading down here.
A Brimstone Fiend comes into view.
You hit the Brimstone Fiend but do no damage.
You carve the Brimstone Fiend like a ham with your +9 heavy broad axe!!!
You slice the Brimstone Fiend with your +9 heavy broad axe!!
The Brimstone Fiend is almost dead.
You slice the Brimstone Fiend with your +6 broad axe of electrocution!!
Lightning courses through the Brimstone Fiend!
You kill the Brimstone Fiend!
Trog accepts your kill.
No target in view!
You see here a hobgoblin skeleton.
There is a stone staircase leading down here.
There is a stone staircase leading up here.
You fly upwards.
There is a stone staircase leading down here.
There is a stone staircase leading up here.
You fly upwards.
There is a stone staircase leading down here.
There is a large open door here.
An Orb Guardian comes into view.
You rampage towards the Orb Guardian!
You slice the Orb Guardian with your +6 broad axe of electrocution!!
The Orb Guardian is moderately wounded.
You hit the Orb Guardian with your +9 heavy broad axe.
You closely miss the Orb Guardian with your +9 heavy broad axe.
The Orb Guardian is moderately wounded.
You hit the Orb Guardian with your +6 broad axe of electrocution.
Lightning courses through the Orb Guardian!
The Orb Guardian hits you!
You take 14 damage, and have 228/242 hp.
You barely miss the Orb Guardian with your +6 broad axe of electrocution.
The Orb Guardian is heavily wounded.
You chop the Orb Guardian into pieces with your +9 heavy broad axe!!!!
You kill the Orb Guardian!
Trog accepts your kill.
You reach down and close the large door.
HP restored.
There is a staircase leading out of the dungeon here.
Health restored: 242 You have escaped!

##..###)#...#
#.#...##...#
#.##.####.##
#.##.# #.# ##.##.#
#.# ...##.# #.#
...##.# #.#
############ ###
##.####.~.######@#
#.~.##.~.~.#~.P#.#
.~~~..~~~≈~..~..P#
~~≈~~≈~≈≈~≈≈~~~.≈#
≈~~≈≈≈~≈~≈≈≈≈≈~≈≈#
~PP~≈≈≈P~~≈≈≈≈≈≈≈#
.~~P~~PPP~≈~~≈≈≈≈#
~.≈~P~≈PPPPP≈≈≈~P#
##################


There were no monsters in sight!

Vanquished Creatures
  the Royal Jelly (Slime:5)
  Dissolution (Slime:2)
  2 dread liches (Depths:2)
  2 ancient liches
  An orb of fire (Zot:5)
  A juggernaut (Depths:4)
  Mara (Vaults:2)
  7 Killer Klowns (Zot:5)
  Boris (Vaults:2)
  Josephina (Zot:1)
  Margery (Vaults:2)
  Saint Roka (Vaults:2)
  2 curse toes
  9 caustic shrikes
  5 golden dragons
  the Enchantress (Depths:3)
  2 Brimstone Fiends
  A hellephant (Vaults:2)
  4 electric golems
  Rupert (Lair:4)
  Jorgrun (Shoals:2)
  3 liches
  8 tentacled monstrosities
  4 quicksilver dragons
  4 titans
  2 walking earthen tomes
  17 acid blobs
  22 Orb Guardians
  7 sphinxes
  Asterion (Vaults:1)
  A walking frostbound tome (Depths:2)
  5 krakens
  A walking divine tome (Depths:2)
  An ancient champion (Vaults:2)
  11 storm dragons
  6 death cobs
  Polyphemus (Shoals:2)
  Kirke (Lair:5)
  8 shadow dragons
  16 rockslimes
  2 tengu reavers
  9 azure jellies
  2 protean progenitors
  5 nagarajas
  5 fire giants
  Ilsuiw (Shoals:3)
  14 frost giants
  A draconian scorcher (Zot:1)
  12 vault wardens
  2 draconian knights (Zot:1)
  A draconian stormcaller (Depths:4)
  A draconian shifter (Zot:5)
  2 iron dragons
  An orc warlord (Vaults:3)
  16 ironbound preservers
  2 balrugs
  2 ghost moths
  5 spriggan defenders
  8 quicksilver oozes
  A juggernaut skeleton (Depths:1)
  An angel (D:4)
  16 stone giants
  5 formless jellyfish
  23 very ugly things
  6 ironbound thunderhulks
  3 vampire knights
  5 black draconians
  A deep elf death mage (Vaults:2)
  A minotaur (Gauntlet)
  3 purple draconians
  3 red draconians
  3 green draconians
  A deep elf demonologist (Depths:1)
  4 war gargoyles
  2 yellow draconians
  A white draconian (Zot:5)
  10 spark wasps
  The ghost of killozap the Lord of Darkness, a journeyman DsNe of Kikubaaqudgha (Lair:3)
  4 merfolk javelineers
  A crystal guardian (Vaults:1)
  4 ettins
  2 jiangshi (Depths:4)
  12 merfolk impalers
  6 fire dragons
  Fannar (Lair:3)
  2 ice dragons
  14 yaktaur captains
  2 entropy weavers
  Harold (D:9)
  10 vault guards
  13 great orbs of eyes
  6 hydras
  3 peacekeepers
  5 salamander tyrants
  7 ironbound frosthearts
  3 catoblepae
  2 sphinx zombies (D:15)
  8 merfolk avatars
  3 rakshasas
  5 ogre magi
  2 alligator snapping turtles (Shoals:4)
  2 spriggan air magi
  23 two-headed ogres
  3 satyrs (Shoals:3)
  6 boulder beetles
  14 centaur warriors
  8 anacondas
  A two-headed ogre (shapeshifter) (Depths:4)
  2 merfolk aquamancers
  10 death yaks
  7 tengu warriors
  15 deep troll shamans
  A demonic crawler (Depths:3)
  An orc high priest (Vaults:2)
  6 shock serpents
  8 deep troll earth magi
  5 occultists
  16 hell knights
  2 vampire magi
  11 naga warriors
  13 naga sharpshooters
  2 soul eaters
  4 spriggan berserkers
  10 skysharks
  5 sun demons (Depths:3)
  A quicksilver dragon simulacrum (Zot:1)
  70 deep trolls
  8 salamander mystics
  8 skeletal warriors
  15 iron trolls
  10 sea snakes
  A mana viper (shapeshifter) (Depths:3)
  6 glowing orange brains
  17 mana vipers
  An obsidian statue (Zot:5)
  4 flayed ghosts
  15 ironbound convokers
  5 arcanists
  8 orc knights
  A phantasmal warrior (D:12)
  10 naga ritualists
  A lindwurm (Lair:3)
  32 harpies
  An iron dragon zombie (Depths:1)
  6 deep elf pyromancers
  9 necromancers
  A thermic dynamo (D:12)
  4 shining eyes
  A tengu skeleton (Vaults:2)
  An orc sorcerer (Vaults:2)
  52 ugly things
  22 manticores
  13 cyclopes
  6 fauns
  19 merfolk sirens
  17 salamanders
  An eye of devastation (Slime:3)
  2 kobold blastminers (Orc:1)
  22 moths of wrath
  2 fire giant skeletons (Vaults:2)
  3 meliai (D:14)
  2 guardian serpents
  19 naga magi
  2 torpor snails
  5 water nymphs
  50 black mambas
  4 gargoyles
  15 vault sentinels
  3 rime drakes
  17 cane toads
  An unseen horror (D:10)
  A hellion (Zot:1)
  An elf skeleton (Vaults:1)
  11 komodo dragons
  5 kobold demonologists
  2 efreet
  4 tengu conjurers
  A freezing wraith (D:13)
  A yaktaur skeleton (Vaults:2)
  53 merfolk
  34 yaktaurs
  A polar bear (Vaults:1)
  8 trolls
  A tengu simulacrum (Depths:1)
  4 tyrant leeches (Lair:5)
  Prince Ribbit (Bailey)
  7 wind drakes
  A queen bee (shapeshifter) (D:13)
  13 snapping turtles
  A tarantella (Vaults:2)
  4 glass eyes
  20 blink frogs
  A jumping spider (shapeshifter) (Depths:3)
  A deep troll skeleton (Vaults:2)
  A spriggan zombie (D:15)
  66 slime creatures
  5 water elementals
  A centaur simulacrum (D:12)
  4 spriggans (Depths:3)
  2 wraiths (D:11)
  2 shadows
  44 yaks
  3 ettin skeletons
  5 hogs (Lair:5)
  9 wyverns
  A vampire (D:10)
  An elf zombie (Vaults:1)
  7 golden eyes (Slime:5)
  3 humans (Bailey)
  4 wargs
  A redback (Vaults:4)
  2 basilisks
  4 steam dragons
  A green draconian simulacrum (Zot:1)
  A human simulacrum (Vaults:1)
  8 vampire mosquitoes
  A purple draconian simulacrum (Zot:1)
  2 swamp worms (Gauntlet)
  6 acid dragons
  40 nagas
  13 water moccasins
  2 hell hounds (Gauntlet)
  A moth of wrath simulacrum (Zot:1)
  3 ice beasts
  16 orc warriors
  5 black bears
  A laughing skull (D:11)
  18 wolves
  28 ogres
  13 centaurs
  A phantom (D:6)
  An elf simulacrum (Vaults:1)
  11 kobold brigands
  31 bullfrogs
  2 gnoll sergeants
  A scorpion (D:10)
  17 killer bees
  7 electric eels
  7 howler monkeys
  2 bombardier beetles
  18 orc priests
  4 jellies
  2 hounds
  A gnoll bouda (D:10)
  5 human skeletons
  13 iguanas
  Natasha (twice) (D:2)
  28 orc wizards
  A hound skeleton (D:6)
  24 gnolls
  8 adders
  A shadow imp (D:7)
  2 white imps
  4 dart slugs
  4 ribbon worms
  70 orcs
  6 bats
  12 endoplasms
  3 giant cockroaches (D:4)
  18 goblins
  11 hobgoblins
  15 jackals
  16 kobolds
  6 quokkas
  9 ball pythons
  20 frilled lizards
  5 rats
  4 aspiring fleshes
  24 tentacles
2066 creatures vanquished.

Vanquished Creatures (collateral kills)
  An ancient lich (Zot:5)
  Mennas (Vaults:4)
  The ghost of Ciogh the Victor of a Thousand Battles, a veteran GnWn of Okawaru (Depths:2)
  A lich (Depths:2)
  A draconian monk (Zot:1)
  A storm dragon (Zot:4)
  A frost giant (Depths:2)
  A purple draconian (Zot:5)
  An ice dragon (Depths:4)
  2 two-headed ogres (Orc:2)
  A deep troll shaman (Depths:4)
  2 iron trolls (Depths:4)
  A moth of wrath (Zot:4)
  An orc priest (D:8)
  2 kobolds (D:7)
18 creatures vanquished.

Vanquished Creatures (others)
  An Orb Guardian (Zot:5)
  A two-headed ogre (D:8)
  A death yak (Shoals:2)
  An occultist (Depths:1)
  An unseen horror (D:13)
  A tengu conjurer (D:12)
  A bullfrog (D:8)
  2 orc priests (Orc:2)
  An orc (D:3)
  16 tentacles
26 creatures vanquished.

Grand Total: 2110 creatures vanquished

Notes
Turn   | Place    | Note
-------+----------+-------------------------------------------
     0 | D:1      | backslashecho the Coglin Berserker began the quest for the
                  | Orb.
     0 | D:1      | Reached XP level 1. HP: 18/18 MP: 1/1
    59 | D:1      | Reached XP level 2. HP: 24/24 MP: 2/2
   570 | D:1      | Found a faded altar of an unknown god.
   760 | D:2      | Reached XP level 3. HP: 29/29 MP: 3/3
   935 | D:2      | Reached ** piety under Trog
  1205 | D:2      | Reached XP level 4. HP: 35/35 MP: 4/4
  1298 | D:2      | Noticed Natasha
  1305 | D:2      | Killed Natasha
  1434 | D:2      | Noticed Natasha
  1441 | D:2      | Killed Natasha
  1442 | D:2      | Reached XP level 5. HP: 31/42 MP: 5/5
  1608 | D:3      | Found Parudok's Assorted Antiques.
  1629 | D:3      | Found the +11 plutonium sword {^Contam Stlth-}
  1800 | D:3      | Reached skill level 4 in Fighting
  1827 | D:3      | Found a hide-covered altar of Uskayaw.
  1840 | D:3      | Reached skill level 5 in Axes
  1913 | D:3      | Found a sparkling altar of Nemelex Xobeh.
  1913 | D:3      | Found a transporter.
  1913 | D:3      | Noticed a centaur
  2063 | D:3      | Found an opulent altar of Gozag.
  2574 | D:4      | Reached *** piety under Trog
  2583 | D:4      | Reached XP level 6. HP: 27/48 MP: 6/6
  2716 | D:4      | Found a shimmering blue altar of Sif Muna.
  2756 | D:4      | Found an ancient bone altar of Kikubaaqudgha.
  2770 | D:4      | Found a radiant altar of Vehumet.
  3507 | D:4      | Reached XP level 7. HP: 55/55 MP: 7/7
  3546 | D:4      | Found a snail-covered altar of Cheibriados.
  3901 | D:5      | Entered Level 5 of the Dungeon
  4131 | D:5      | Reached **** piety under Trog
  4132 | D:5      | Reached skill level 5 in Fighting
  4469 | D:5      | Reached XP level 8. HP: 63/64 MP: 8/8
  4478 | D:5      | Reached skill level 6 in Fighting
  4591 | D:5      | Identified the +4 ring mail of Coel Gek {Harm *Slow SInv}
  4983 | D:5      | Found a staircase to the Ecumenical Temple.
  4997 | Temple   | Entered the Ecumenical Temple
  5542 | D:6      | Reached skill level 9 in Axes
  5642 | D:6      | Found a glowing silver altar of Zin.
  5791 | D:6      | Reached skill level 7 in Fighting
  5800 | D:6      | Reached XP level 9. HP: 39/72 MP: 9/9
  6046 | D:6      | Found a shimmering altar of Xom.
  6046 | D:6      | Found a white marble altar of Elyvilon.
  6157 | D:6      | Found a burning altar of Makhleb.
  6775 | D:7      | Reached ***** piety under Trog
  7423 | D:8      | Found a flagged portal.
  7467 | Bailey   | Entered a bailey
  7484 | Bailey   | Reached skill level 8 in Fighting
  7741 | Bailey   | Reached XP level 10. HP: 73/82 MP: 10/10
  7793 | Bailey   | Noticed a vault guard
  7793 | Bailey   | Noticed Prince Ribbit
  7841 | Bailey   | Killed a vault guard
  7863 | Bailey   | Killed Prince Ribbit
  7931 | Bailey   | Noticed a vault guard
  7990 | Bailey   | Killed a vault guard
  7991 | Bailey   | Reached skill level 9 in Fighting
  7991 | Bailey   | Reached skill level 12 in Axes
  8282 | D:8      | Reached skill level 1 in Evocations
  8436 | D:8      | Noticed a two-headed ogre
  8673 | D:8      | Noticed a two-headed ogre
  8678 | D:8      | Identified the +12 scimitar "Ogaog" {flame, rF+}
  8678 | D:8      | Noticed a centaur warrior
  8689 | D:8      | Killed a two-headed ogre
  8691 | D:8      | Killed a centaur warrior
  8692 | D:8      | Reached skill level 5 in Armour
  8692 | D:8      | Reached XP level 11. HP: 89/89 MP: 11/11
  9224 | D:8      | Identified the +8 storm dragon scales of Zairara {rElec rF+
                  | rN+ rCorr Str-5}
  9224 | D:8      | Identified the amulet of Bokuvot {Acrobat Will+}
  9224 | D:8      | Noticed a centaur warrior
  9336 | D:8      | Killed a centaur warrior
  9499 | D:8      | Received a gift from Trog
  9575 | D:8      | Identified the +2 pair of gloves of Abstinence {rF+ rC+}
  9584 | D:8      | Noticed a two-headed ogre
  9595 | D:8      | Killed a two-headed ogre
  9596 | D:8      | Reached skill level 5 in Evocations
 10032 | D:8      | Identified the staff of Viredie {rElec rPois rN+ Air}
 10068 | D:8      | Identified the +8 hand axe of Wu Jian's Favour {antimagic,
                  | Dex+3}
 10282 | D:8      | Noticed a catoblepas
 10300 | D:8      | Killed a catoblepas
 10588 | D:9      | Noticed a two-headed ogre
 10594 | D:9      | Killed a two-headed ogre
 11121 | D:9      | Noticed Harold
 11128 | D:9      | Killed Harold
 11233 | D:9      | Noticed a two-headed ogre
 11239 | D:9      | Killed a two-headed ogre
 11240 | D:9      | Reached XP level 12. HP: 87/95 MP: 12/12
 11327 | D:10     | Entered Level 10 of the Dungeon
 11647 | D:10     | Found an ornate altar of the Wu Jian Council.
 11786 | D:10     | Found a staircase to the Lair.
 12358 | D:10     | Reached skill level 15 in Axes
 12436 | D:10     | Found a bloodstained altar of Trog.
 12814 | D:11     | Found a gate leading to a gauntlet.
 12823 | Gauntlet | Entered a Gauntlet
 12823 | Gauntlet | Found a transporter.
 12823 | Gauntlet | Found a transporter.
 12824 | Gauntlet | Found a transporter.
 12825 | Gauntlet | Found a transporter.
 12828 | Gauntlet | Found a transporter.
 12828 | Gauntlet | Found a transporter.
 12835 | Gauntlet | Found a transporter.
 12836 | Gauntlet | Found a transporter.
 12837 | Gauntlet | Found a transporter.
 12839 | Gauntlet | Found a transporter.
 12847 | Gauntlet | Found a transporter.
 12847 | Gauntlet | Noticed a balrug
 12847 | Gauntlet | Noticed a ghost crab
 12848 | Gauntlet | Found a transporter.
 13089 | Gauntlet | Killed a balrug
 13296 | Gauntlet | Identified the +6 chain mail of Pragmatism {rPois rC+ Str+5
                  | Stlth-}
 13296 | Gauntlet | Noticed a minotaur
 13310 | Gauntlet | Killed a minotaur
 13380 | Gauntlet | Identified the +4 scale mail of the Silversmith {Harm
                  | Rampage +Blink Slay-3}
 13382 | Gauntlet | Identified the +2 buckler of Impressiveness {Rampage Will++
                  | Slay+3 SInv}
 13384 | Gauntlet | Identified the +5 buckler of the Charming Gods {rN+}
 13675 | Lair:1   | Entered Level 1 of the Lair of Beasts
 13689 | Lair:1   | Reached skill level 1 in Long Blades
 13772 | Lair:1   | Reached skill level 9 in Evocations
 13922 | Lair:1   | Noticed a five-headed hydra
 13932 | Lair:1   | Killed a seven-headed hydra
 14017 | Lair:1   | Noticed a death yak
 14017 | Lair:1   | Noticed a death yak
 14044 | Lair:1   | Killed a death yak
 14094 | Lair:1   | Noticed a death yak
 14112 | Lair:1   | Killed a death yak
 14112 | Lair:1   | Noticed a death yak
 14122 | Lair:1   | Killed a death yak
 14127 | Lair:1   | Killed a death yak
 14128 | Lair:1   | Reached XP level 13. HP: 53/101 MP: 13/13
 14859 | Lair:1   | Found a runed translucent gate.
 14859 | Lair:1   | Found a runed translucent gate.
 14859 | Lair:1   | Found a runed translucent gate.
 14864 | Lair:1   | Noticed mitch45678's ghost (journeyman OnFi)
 15059 | Lair:2   | Found a staircase to the Snake Pit.
 15074 | Lair:2   | Identified the +9 war axe "Wiuheise" {flame, rF+ rC- rN++}
                  | (Trog gifted it to you on level 2 of the Lair of Beasts)
 15074 | Lair:2   | Received a gift from Trog
 15721 | Lair:2   | Reached skill level 9 in Armour
 16557 | Lair:3   | Noticed killozap's ghost (journeyman DsNe)
 16564 | Lair:3   | Noticed Fannar
 16584 | Lair:3   | Killed Fannar
 16633 | Lair:3   | Found a transporter.
 16975 | Lair:4   | Noticed Rupert
 16990 | Lair:4   | Killed Rupert
 17030 | Lair:4   | Found a viscous altar of Jiyva.
 17030 | Lair:4   | Found a staircase to the Slime Pits.
 17323 | Lair:4   | Reached skill level 18 in Axes
 17357 | Lair:4   | Reached XP level 14. HP: 94/108 MP: 14/14
 17358 | Lair:4   | Reached skill level 1 in Throwing
 17372 | Lair:4   | Acquired a reticulated assembler {Rampage Acrobat rPois
                  | rCorr Slay+3}
 18014 | Lair:4   | Reached skill level 10 in Fighting
 18143 | Lair:5   | Entered Level 5 of the Lair of Beasts
 18561 | Lair:5   | Reached ****** piety under Trog
 18589 | Lair:5   | Reached skill level 11 in Fighting
 18593 | Lair:5   | Received a gift from Trog
 18879 | Lair:5   | Noticed Kirke
 18939 | Lair:5   | Killed Kirke
 19519 | D:11     | Reached skill level 12 in Fighting
 19745 | D:11     | Reached skill level 5 in Throwing
 19752 | D:11     | Reached XP level 15. HP: 105/120 MP: 15/15
 20034 | D:11     | Found a staircase to the Orcish Mines.
 20048 | D:11     | Found a roughly hewn altar of Beogh.
 20229 | D:11     | Received a gift from Trog
 20244 | D:11     | Noticed a frost giant
 20251 | D:11     | Killed a frost giant
 20553 | Orc:1    | Entered Level 1 of the Orcish Mines
 20766 | Orc:2    | Entered Level 2 of the Orcish Mines
 20826 | Orc:2    | Reached skill level 12 in Armour
 21086 | Orc:2    | Found a staircase to the Elven Halls.
 21291 | Orc:1    | Received a gift from Trog
 21705 | Orc:2    | Found Qeostrary's Armour Boutique.
 21705 | Orc:2    | Found Moluemie's Armour Emporium.
 21759 | Orc:1    | You fall into a shaft and drop 1 floor!
 21884 | Orc:2    | Found Mapem's Armour Shoppe.
 21884 | Orc:2    | Found Tiddos's Weapon Boutique.
 22776 | D:12     | Reached skill level 12 in Evocations
 23073 | D:12     | Identified the +2 leather armour "Jaiklesch" {Int+6}
 23175 | D:12     | Reached skill level 13 in Fighting
 23756 | D:13     | You fall into a shaft and drop 2 floors!
 23756 | D:15     | Entered Level 15 of the Dungeon
 23765 | D:15     | Reached XP level 16. HP: 130/130 MP: 16/16
 23808 | D:15     | Found a radiant altar of Vehumet.
 23980 | D:13     | Received a gift from Trog
 24948 | D:14     | Found Xeram's Book Boutique.
 25176 | D:14     | Reached skill level 14 in Fighting
 25188 | D:14     | Identified the +3 leather armour of the Bard {Dex+2}
 25338 | D:14     | Found a gate to the Vaults.
 25736 | D:15     | Received a gift from Trog
 25822 | D:15     | Found a staircase to the Depths.
 26439 | Orc:2    | Bought the quicksilver dragon scales of the Vestibule of
                  | Hell {+Blink rElec Will+ Int-2 Slay+3} for 1072 gold pieces
 26642 | Snake:1  | Entered Level 1 of the Snake Pit
 26669 | Snake:1  | Found a glowing silver altar of Zin.
 27068 | Snake:1  | Reached XP level 17. HP: 128/140 MP: 17/17
 27121 | Snake:1  | Reached skill level 15 in Evocations
 27529 | Snake:1  | Reached skill level 15 in Fighting
 27799 | Snake:1  | Found the +3 salamander hide armour {Flames, rFlCloud rF++
                  | rC--}
 27810 | Snake:1  | Received a gift from Trog
 28788 | Snake:2  | Found a radiant altar of Vehumet.
 28851 | Snake:2  | Identified the +1 pair of gloves "Gaxon" {rCorr Dex+5
                  | Slay+2}
 29063 | Snake:2  | Found Kahuupt's Book Emporium.
 29067 | Snake:2  | Found Xibit's Jewellery Emporium.
 30550 | Snake:3  | Reached skill level 5 in Dodging
 30556 | Snake:3  | Received a gift from Trog
 30779 | Snake:3  | Reached skill level 15 in Armour
 31202 | Snake:3  | Found Matoitoj's Antique Armour Shoppe.
 31208 | Snake:3  | Bought a pair of embroidered boots for 202 gold pieces
 31571 | Snake:3  | Reached skill level 16 in Fighting
 31796 | Snake:4  | Entered Level 4 of the Snake Pit
 32008 | Snake:4  | Reached XP level 18. HP: 151/151 MP: 9/18
 32968 | Snake:4  | Received a gift from Trog
 33160 | Snake:4  | Upgraded the game from 0.32-a0-612-g1c984fe9d1 to
                  | 0.32-a0-616-g9348d4545b
 33843 | Snake:4  | Received a gift from Trog
 34303 | Snake:4  | Got a serpentine rune of Zot
 34573 | Shoals:1 | Entered Level 1 of the Shoals
 34833 | Orc:2    | Bought a +0 pair of boots of flying for 138 gold pieces
 35706 | Shoals:1 | Reached skill level 17 in Fighting
 35841 | Shoals:1 | Received a gift from Trog
 36826 | Shoals:1 | Identified the ring of the Thirteen Seas {rPois rN+ EV+5}
 36837 | Shoals:2 | Found Seyded's Specific Store.
 36924 | Shoals:2 | Found Mofeshoe's Magic Scroll Shop.
 36924 | Shoals:2 | Noticed Polyphemus
 36941 | Shoals:2 | Killed Polyphemus
 36942 | Shoals:2 | Reached XP level 19. HP: 94/161 MP: 19/19
 37317 | Shoals:2 | Reached skill level 18 in Evocations
 37700 | Shoals:2 | Found Jetebbocs's General Store.
 37710 | Shoals:2 | Bought a potion of curing for 60 gold pieces
 37714 | Shoals:2 | Bought a scroll of fear for 80 gold pieces
 37714 | Shoals:2 | Bought a scroll of fog for 80 gold pieces
 37808 | Shoals:2 | Noticed Jorgrun
 37819 | Shoals:2 | Killed Jorgrun
 37880 | Shoals:2 | Bought a scroll of fog for 60 gold pieces
 37880 | Shoals:2 | Bought a scroll of summoning for 142 gold pieces
 37880 | Shoals:2 | Bought a scroll of revelation for 112 gold pieces
 37880 | Shoals:2 | Bought a scroll of summoning for 142 gold pieces
 37880 | Shoals:2 | Bought a scroll of poison for 60 gold pieces
 38726 | Shoals:3 | Reached skill level 18 in Fighting
 39219 | Shoals:3 | Identified the +2 falchion of Recklessness {flame, rPois
                  | Dex+3}
 39434 | Shoals:3 | Noticed Ilsuiw
 39442 | Shoals:3 | Received a gift from Trog
 39443 | Shoals:3 | Killed Ilsuiw
 40138 | Shoals:4 | Entered Level 4 of the Shoals
 40644 | Shoals:4 | Identified the +6 mace of Greed {freeze, Int+3}
 40736 | Shoals:4 | Identified the +4 scale mail of Honour {Rampage rElec}
 40794 | Shoals:4 | Identified the +8 hand axe "Wuidamiw" {drain, rN+ Will-
                  | Dex+6}
 41934 | Shoals:4 | Identified the +9 hand axe "Fyuriw" {protect, Str+2 Int+2}
 41968 | Shoals:4 | Got a barnacled rune of Zot
 42103 | Shoals:4 | Received a gift from Trog
 42198 | Shoals:4 | Reached XP level 20. HP: 158/172 MP: 20/20
 42522 | Vaults:1 | Entered Level 1 of the Vaults
 42741 | Vaults:1 | Noticed Asterion
 42779 | Vaults:1 | Killed Asterion
 43157 | Vaults:1 | Reached skill level 19 in Fighting
 43465 | Vaults:1 | Found a glowing silver altar of Zin.
 43675 | Vaults:1 | Found the +18 shield of the Gong {Loud rN+ Will+ rCorr
                  | EV-5}
 44021 | Vaults:1 | Reached XP level 21. HP: 180/180 MP: 21/21
 44136 | Vaults:2 | Received a gift from Trog
 44308 | Vaults:2 | Identified a scroll of acquirement
 44313 | Vaults:2 | Acquired a +2 heavy broad axe
 44358 | Vaults:2 | Noticed Margery
 44367 | Vaults:2 | Reached skill level 9 in Dodging
 44376 | Vaults:2 | Killed Margery
 44548 | Vaults:2 | Noticed Mara
 44556 | Vaults:2 | Noticed backslashecho's illusion
 44556 | Vaults:2 | Killed Mara
 44646 | Vaults:2 | Found Ohalleef's Antique Weapon Emporium.
 44729 | Vaults:2 | Noticed Saint Roka
 44739 | Vaults:2 | Received a gift from Trog
 44744 | Vaults:2 | Killed Saint Roka
 45364 | Vaults:2 | Found a staircase to the Crypt.
 45735 | Vaults:2 | Found Qeuxelu's Antique Weapon Shoppe.
 45854 | Vaults:2 | Reached skill level 21 in Evocations
 45899 | Vaults:2 | Reached XP level 22. HP: 183/190 MP: 22/22
 45900 | Vaults:2 | Received a gift from Trog
 45935 | Vaults:2 | Identified the +2 robe of Courage {Slay+2}
 45935 | Vaults:2 | Noticed Boris
 45941 | Vaults:2 | Killed Boris
 45942 | Vaults:2 | Reached skill level 20 in Fighting
 46008 | Vaults:2 | Found Humpirgh's Assorted Antiques.
 46017 | Vaults:2 | Bought 2 potions of curing for 180 gold pieces
 46017 | Vaults:2 | Bought a scroll of fear for 120 gold pieces
 46272 | Vaults:3 | Reached skill level 18 in Armour
 46982 | Vaults:3 | Received a gift from Trog
 47275 | Vaults:3 | Identified the +10 ring mail of the Summoning Gods {Rampage
                  | Fly Stlth-}
 47276 | Vaults:3 | Identified the +1 helmet of Yniuwn {rElec rCorr Int-2
                  | Dex+5}
 47286 | Vaults:3 | Identified the +0 dagger of Ysau {venom, rC+ Stlth+}
 47565 | Vaults:3 | Found a runed translucent door.
 47565 | Vaults:3 | Found a shimmering altar of Xom.
 47565 | Vaults:3 | Noticed Zissick's ghost (adept MiBr)
 47753 | Vaults:4 | Reached skill level 21 in Fighting
 48658 | Vaults:4 | Noticed Mennas
 48673 | Vaults:4 | Killed Mennas
 48888 | Vaults:4 | Found Acipu's Book Boutique.
 50032 | Slime:1  | Entered Level 1 of the Pits of Slime
 50037 | Slime:1  | Received a gift from Trog
 50038 | Slime:1  | Reached XP level 23. HP: 167/200 MP: 23/23
 50305 | Slime:3  | Noticed Dissolution
 50312 | Slime:2  | Killed Dissolution
 50468 | Slime:3  | Found a viscous altar of Jiyva.
 50483 | Slime:3  | Gained mutation: You occasionally lose the ability to read
                  | scrolls when taking damage. [a shining eye]
 50498 | Slime:3  | Gained mutation: You are vulnerable to cold. (rC-) [a
                  | shining eye]
 51028 | Slime:5  | Entered Level 5 of the Pits of Slime
 51063 | Slime:5  | Received a gift from Trog
 52437 | Slime:5  | Noticed the Royal Jelly
 52437 | Slime:5  | Found a viscous altar of Jiyva.
 52457 | Slime:5  | Killed the Royal Jelly
 53071 | Slime:5  | Identified the +0 ring mail of Good Intentions {rC+ Int-3
                  | SInv}
 53073 | Slime:5  | Identified the +2 shortbow "Bulei" {heavy, Will++ SInv}
 53076 | Slime:5  | Identified the +2 pair of gloves of the Valley {rC++ rCorr
                  | Str-4 Stlth-}
 53110 | Slime:5  | Identified the +2 leather armour of the Abyss {Will+ Str+4}
 53136 | Slime:5  | Got a slimy rune of Zot
 53137 | Slime:5  | Identified the +9 scimitar "Ipoxzen" {freeze, Int+2 Dex+4}
 53509 | Depths:1 | Entered Level 1 of the Depths
 53529 | Depths:1 | Found a one-way gate to the infinite horrors of the Abyss.
 54075 | Depths:1 | Found a gateway to Hell.
 54106 | Depths:1 | Received a gift from Trog
 54311 | Depths:1 | Found a glowing golden altar of the Shining One.
 55029 | Depths:2 | Reached skill level 22 in Fighting
 55416 | Depths:2 | Reached XP level 24. HP: 210/210 MP: 23/23
 55589 | Depths:2 | Lost mutation: You occasionally lose the ability to read
                  | scrolls when taking damage. [potion of mutation]
 55589 | Depths:2 | Lost mutation: You are vulnerable to cold. (rC-) [potion of
                  | mutation]
 55589 | Depths:2 | Gained mutation: You possess an exceptional clarity of
                  | mind. [potion of mutation]
 55787 | Depths:2 | Noticed a caustic shrike
 55795 | Depths:2 | Killed a caustic shrike
 55800 | Depths:2 | Found a white marble altar of Elyvilon.
 55836 | Depths:2 | Reached skill level 21 in Armour
 55838 | Depths:2 | Received a gift from Trog
 56087 | Depths:2 | Found Jiclido's Neck Hole.
 56115 | Depths:2 | Found a one-way gate leading to the halls of Pandemonium.
 56209 | Depths:2 | Found the +8 arc blade {discharge, rElec}
 56263 | Depths:2 | Found a basalt altar of Yredelemnul.
 56571 | Depths:2 | Found an opulent altar of Gozag.
 56665 | Depths:2 | Found a stormy altar of Qazlal.
 56894 | Depths:2 | Found an ancient bone altar of Kikubaaqudgha.
 56895 | Depths:2 | Found a runed translucent gate.
 56895 | Depths:2 | Found a runed translucent gate.
 56895 | Depths:2 | Found a runed translucent gate.
 56897 | Depths:2 | Noticed an ancient lich
 56897 | Depths:2 | Noticed Ciogh's ghost (veteran GnWn)
 56898 | Depths:2 | Noticed a dread lich
 56899 | Depths:2 | Noticed a dread lich
 57206 | Depths:2 | Killed a dread lich
 57212 | Depths:2 | Killed Ciogh's ghost
 57235 | Depths:2 | Killed an ancient lich
 57238 | Depths:2 | Killed a dread lich
 57246 | Depths:2 | Identified the +1 hat of Jurom {rN++ Int+2 SInv}
 57681 | Shoals:2 | Bought a scroll of enchant weapon for 112 gold pieces
 57720 | Shoals:2 | Bought a scroll of enchant weapon for 150 gold pieces
 57869 | Lair:3   | Killed killozap's ghost
 57871 | Lair:3   | Found a transporter.
 57872 | Lair:3   | Identified the ring of the Scarab {Wiz MP+9 Int+3}
 57873 | Lair:3   | Identified the scarf "Joklesia" {shadows, Stlth+}
 58056 | D:3      | Bought a scroll of teleportation for 87 gold pieces
 58056 | D:3      | Bought a potion of heal wounds for 145 gold pieces
 58056 | D:3      | Bought a potion of heal wounds for 145 gold pieces
 58056 | D:3      | Bought a wand of charming (3) for 208 gold pieces
 58056 | D:3      | Bought a wand of mindburst (8) for 324 gold pieces
 58056 | D:3      | Bought an embroidered cloak for 217 gold pieces
 58296 | Snake:3  | Bought a pair of encrusted gloves for 256 gold pieces
 58296 | Snake:3  | Identified the +1 pair of gloves of Yredelemnul's Reproof
                  | {*Corrode rPois MP+9 SInv Stlth+} (You bought it in a shop
                  | on level 3 of the Snake Pit)
 59570 | Depths:3 | Received a gift from Trog
 59684 | Depths:3 | Found a one-way gateway to a ziggurat.
 59690 | Depths:3 | Identified the +1 morningstar of the Sky {elec, rElec rF+
                  | Int+4}
 59861 | Depths:3 | Noticed the Enchantress
 59871 | Depths:3 | Killed the Enchantress
 59878 | Depths:3 | Reached skill level 23 in Fighting
 60646 | Depths:3 | Reached XP level 25. HP: 210/221 MP: 23/23
 60981 | Depths:3 | Reached skill level 12 in Dodging
 61060 | Depths:3 | Received a gift from Trog
 61218 | Depths:4 | Entered Level 4 of the Depths
 61954 | Depths:4 | Noticed a juggernaut
 61964 | Depths:4 | Killed a juggernaut
 62950 | Depths:4 | Received a gift from Trog
 63026 | Depths:4 | Reached skill level 24 in Fighting
 63169 | Depths:4 | Reached skill level 15 in Dodging
 63328 | Depths:4 | Identified the +1 ring mail of the Armoured One {rC+ rN+
                  | Int-3}
 63382 | Depths:4 | Found a gate to the Realm of Zot.
 63429 | Depths:4 | Reached XP level 26. HP: 231/231 MP: 23/23
 63586 | Zot:1    | Entered Level 1 of the Realm of Zot
 63612 | Zot:1    | Identified the ring "Edwadghag" {Ice Int-5 Dex+6}
 63612 | Zot:1    | Noticed Josephina
 63622 | Zot:1    | Killed Josephina
 65691 | Zot:5    | Entered Level 5 of the Realm of Zot
 66696 | Zot:5    | Reached skill level 21 in Axes
 66782 | Zot:5    | Received a gift from Trog
 67114 | Zot:5    | Noticed an ancient lich
 67120 | Zot:5    | Killed an ancient lich
 67232 | Zot:5    | Identified the +1 robe of Valiance {*Corrode Fly rC++
                  | Regen+}
 67246 | Zot:5    | Noticed an ancient lich
 67270 | Zot:5    | Killed an ancient lich
 67458 | Zot:5    | Noticed a Killer Klown
 67466 | Zot:5    | Noticed a Killer Klown
 67472 | Zot:5    | Noticed a Killer Klown
 67479 | Zot:5    | Killed a Killer Klown
 67483 | Zot:5    | Killed a Killer Klown
 67934 | Zot:5    | Noticed a Killer Klown
 67948 | Zot:5    | Killed a Killer Klown
 67962 | Zot:5    | Killed a Killer Klown
 67963 | Zot:5    | Reached skill level 18 in Dodging
 68209 | Zot:5    | Noticed a Killer Klown
 68224 | Zot:5    | Noticed an orb of fire
 68232 | Zot:5    | Killed an orb of fire
 68237 | Zot:5    | Killed a Killer Klown
 68371 | Zot:5    | Reached XP level 27. HP: 180/240 MP: 19/23
 68472 | Zot:5    | Reached skill level 25 in Fighting
 68662 | Zot:5    | Got the Orb of Zot
 69028 | Depths:2 | Noticed Corathraa the pandemonium lord
 69156 | D:10     | Noticed Benleomn the pandemonium lord
 69237 | D:6      | Noticed an ancient lich
 69396 | D:$      | Escaped with the Orb!

Illustrated notes

Levels and vault maps discovered:
D:1:      lightli_arrival_windingriver, layout_loops_ring,
          basic_ecumenical_altar
D:2:      layout_loops_ring, uniq_natasha
D:3:      layout_loops_ring, grunt_nemelex_the_gamble,
          nicolae_gozag_seed_capital, nicolae_uskayaw_dance_hall, serial_shops,
          nicolae_shop_rolling_square, minmay_fountain_box
D:4:      minmay_door_path, layout_cave_pods, palyth_temple_overflow_mages,
          cheibriados_altar_1, patterned_corridor
D:5:      layout_basic, minmay_temple_entry_nine_rooms, lightli_minifort
D:6:      layout_rooms, makhleb_blood_cavern_becter,
          gammafunk_temple_overflow_elements, zin_academy, kennysheep_path_1
D:7:      layout_gridville
D:8:      minmay_the_grid_octo_2x2 [minmay_the_grid_octo_focus,
          minmay_the_grid_octo_empty, minmay_the_grid_octo_odd_swirl,
          minmay_the_grid_octo_prize_square_snowflake], layout_loops_ring,
          enter_bailey_3, centaur_isle
D:9:      layout_roguey, uniq_harold
D:10:     layout_layer_cave, nicolae_overflow_crystal_walls,
          mainiacjoe_overflow_surrounded_room, due_lair_maze_entry_diamond,
          serial_park_tiny_2
D:11:     nzn_winding_woodlands_cross [nzn_winding_woodlands_5x15_sidewinder,
          nzn_winding_woodlands_5x15_twine,
          nzn_winding_woodlands_5x15_split_checker,
          nzn_winding_woodlands_5x15_jagged,
          nzn_winding_woodlands_15x15_boxy_spiral], layout_basic,
          minmay_orc_entry_temple_small, gauntlet_entry_generic,
          grunt_ministairs_7
D:12:     minmay_sliced_demisemicircle, layout_basic
D:13:     layout_irregular_city, minmay_misc_feat_x, minmay_alternating_orb
D:14:     layout_roguey, david_vaults_2, serial_shops, shop,
          nicolae_figureground_pulse, glass_columns_b, minmay_between
D:15:     gammafunk_depths_entry_grave, layout_long_grid, vehumet_altar_wand_db
Temple:   jpeg_temple_island
Lair:1:   layout_regular_city, ebering_ghost_rock_garden, minmay_holes,
          serial_bayou_shore_a
Lair:2:   layout_cave_shapes, nicolae_shoals_entry_flooding, dummy_snake_entry
Lair:3:   layout_misc_corridors, gammafunk_ghost_berserking_beasts, uniq_fannar
Lair:4:   lemuel_reptile_caves, layout_regular_city,
          nicolae_slime_entry_slimehenge, beast_lair_carwin_8, uniq_rupert
Lair:5:   minmay_lair_end_frog_pond, layout_regular_city, uniq_kirke
Shoals:1: nicolae_shoals_lighthouse, layout_shoals, hangedman_shoals_cup_caves
Shoals:2: layout_shoals, serial_shops, shop, nicolae_specific_store,
          uniq_jorgrun, uniq_polyphemus
Shoals:3: layout_shoals, nicolae_shoals_stone_sculpture_thing,
          nicolae_shoals_hunting_party, uniq_ilsuiw
Shoals:4: shoals_end_grunt_ice, layout_shoals
Snake:1:  layout_layer_cave, basic_altar, hellmonk_guarded_unrand_salamander
Snake:2:  layout_grid_shapes, basic_altar, grunt_megastairs_4, minmay_shop_star
Snake:3:  layout_chambers, serial_shops, nicolae_shop_hallway_stairs,
          grunt_megastairs_1, serial_bayou_shore_b
Snake:4:  snake_pit, layout_chambers, fake_guardian_serpent_vault
Slime:1:  layout_caves
Slime:2:  cheibrodos_slime_lost_civilization_10, layout_caves
Slime:3:  layout_caves, basic_altar, dissolution_awaits
Slime:4:  layout_caves
Slime:5:  slime_pit_nicolae_royal_road_to_ruin
Orc:1:    layout_diamond_mine
Orc:2:    st_orc_ogre_mass, layout_diamond_mine
Vaults:1: lemuel_angel_altar, serial_ice_m, hellmonk_guarded_unrand_gong,
          nicolae_vaults_layer_cake_slice, vaults_room_grunt_arrival_checkpoint,
          layout_vaults_omnigrid, uniq_asterion
Vaults:2: vaults_room_grid, hangedman_vaults_capsules,
          nicolae_vaults_double_plus_2, minmay_crypt_entry_skeletal_spiral,
          nicolae_vaults_tetromino_Z_2, vaults_room_grid,
          vaults_room_grunt_arrival_ludios, nicolae_vaults_alarming,
          nicolae_vaults_tetromino_T_2, layout_vaults_omnicross, serial_shops,
          shop, nicolae_shop_window_shopping, nicolae_shop_tiny_glass,
          uniq_boris, uniq_margery, uniq_saint_roka, uniq_mara
Vaults:3: ebering_ghost_xom, v_misc_1, hangedman_vaults_cutoff,
          vaults_mumra_hexcomb, v_alt_pattern_4, lightli_orcish_oven,
          v_pattern_5, dpeg_vaults_monster_box, vaults_room_fancy_cross,
          hangedman_vaults_corner_blocks, nicolae_vaults_storing_the_good_stuff,
          v_misc_22, ontoclasm_vaults_ring_small, vaults_room_stairs_pillars,
          nicolae_vaults_theta, layout_vaults_omnibox
Vaults:4: nicolae_vaults_weapon_check, nicolae_vaults_trapezoid_lopsided_3,
          hangedman_vaults_variations, nicolae_vaults_network_barrier,
          grunt_vaults_funnel, nicolae_vaults_storage_closets_1,
          nicolae_vaults_more_shelving_2, vaults_room_pools,
          layout_vaults_chaotic_city, serial_shops, shop, uniq_mennas
Depths:1: layout_small_grid, nicolae_abyss_entry_one_way_or_another, hell_entry,
          nicolae_figureground_sparkle, nicolae_tso_carved_into_rock
Depths:2: hangedman_box_tower, layout_cross, minmay_stone_trees_small,
          rand_demon_pan_entry_8, gammafunk_ghost_crypt, hell_entry,
          serial_library, serial_library_hellmonk_open_square,
          serial_library_hellmonk_u_bend, serial_library_hellmonk_hallway_b,
          serial_library_hellmonk_reading_circle,
          serial_library_hellmonk_h_bend, serial_library_hellmonk_room_b,
          serial_library_hellmonk_hallway_a, nicolae_shop_sticking_my_neck_out,
          infiniplex_staircase_spiral
Depths:3: hangedman_cross_veins, layout_honeycomb, enter_ziggurat_b,
          abyss_entry_small_statue_room, minmay_misc_feat_nine_boxes,
          hellmouth_1, infiniplex_staircase_pool_2, uniq_enchantress
Depths:4: grunt_runaround [grunt_runaround_zot, grunt_runaround_doors_1,
          grunt_runaround_doors_2, grunt_runaround_doors_3,
          grunt_runaround_doors_4], hell_entry, abyss_entry
Zot:1:    layout_onion_interference, bh_zot_lava_cross, zot_minivault_4,
          uniq_josephina
Zot:2:    layout_gridlike, nicolae_transmutations_shop,
          hangedman_zot_decor_slant, regret_index_zotdec_slimy_original,
          bh_zot_levy_curve
Zot:3:    layout_misc_corridors
Zot:4:    grunt_zot_stairs_faceoff, layout_cellular_growth,
          lemuel_baited_zot_trap, grunt_megastairs_3
Zot:5:    layout_basic

Skill      XL: |  1  2  3  4  5  6  7  8  9 10 11 12 13 14 15 16 17 18 19 20 21 22 23 24 25 26 27 |
---------------+----------------------------------------------------------------------------------+-----
Armour         | 2 5 6 8 10 11 12 13 15 16 17 19 20 21 | 21.0
Dodging        | 2 5 6 8 9 11 15 18 | 18.0
Axes           | 4 5 6 7 9 11 13 14 16 18 19 20 21 | 21.0
Fighting       | 4 5 7 8 9 12 13 14 16 17 18 19 21 22 23 24 25 | 25.5
Evocations     | 3 7 9 12 14 15 17 19 21 | 21.0
Long Blades    | 1 |  1.8
Throwing       | 5 6 |  6.0
Short Blades   | |  0.8

Action                     |  1- 3 |  4- 6 |  7- 9 | 10-12 | 13-15 | 16-18 | 19-21 | 22-24 | 25-27 || total
---------------------------+-------+-------+-------+-------+-------+-------+-------+-------+-------++-------
  Melee: Hand axe          |    72 |   143 |   269 |   106 |       |       |       |       |       ||   590
         Dagger            |    21 |       |       |       |       |       |       |       |       ||    21
         Whip              |    48 |   135 |   277 |    95 |       |       |       |       |       ||   555
         War axe           |       |       |    18 |       |   554 |   782 |   558 |   595 |       ||  2507
         Broad axe         |       |       |       |   565 |   597 |   755 |   543 |   870 |  1078 ||  4408
  Throw: Dart              |       |       |     7 |    32 |    14 |     2 |       |     1 |     2 ||    58
         Throwing net      |       |       |       |       |       |       |       |       |     1 ||     1
 Invoke: Berserk           |     1 |     1 |     4 |     6 |     5 |       |     2 |     4 |     2 ||    25
         Trog's Hand       |       |       |       |     2 |     3 |     5 |     7 |     7 |     7 ||    31
         Brothers in Arms  |       |       |       |       |       |       |       |     2 |     3 ||     5
Ability: Invent Gizmo      |       |       |       |       |     1 |       |       |       |       ||     1
  Evoke: Wand              |       |     1 |     2 |    11 |    19 |     4 |     1 |     9 |     2 ||    49
         Condenser vane    |       |       |       |       |       |       |     1 |     1 |       ||     2
         Lightning rod     |       |       |       |       |       |       |       |     3 |       ||     3
         Box of beasts     |       |       |       |       |       |       |       |     1 |       ||     1
    Use: Scroll            |       |     1 |     6 |     7 |     8 |    12 |    14 |    11 |    14 ||    73
         Potion            |       |       |     1 |     3 |     2 |     2 |     1 |     5 |    13 ||    27
   Stab: Sleeping          |       |       |       |       |       |     2 |       |       |       ||     2
 Armour: Animal skin       |     9 |       |       |       |       |       |       |       |       ||     9
         Chain mail        |    33 |   150 |   241 |   111 |    89 |       |       |       |       ||   624
         Storm dragon scal |       |       |       |   279 |   325 |   239 |     6 |       |       ||   849
         Skin              |       |       |       |    10 |       |       |       |       |       ||    10
         Quicksilver drago |       |       |       |       |       |   452 |   423 |   686 |   488 ||  2049
  Dodge: Dodged            |    28 |    72 |   116 |   131 |   242 |   463 |   396 |   408 |   440 ||  2296

Table legend: (Time is in decaauts)
 A = Elapsed time spent in this place.
 B = Non-inter-level travel time spent in this place.
 C = Inter-level travel time spent in this place.
 D = Time resting spent in this place.
 E = Time spent auto-exploring this place.
 F = Levels seen in this place.
 G = Mean time per level.
                   A        B        C        D        E       F      G
               +--------+--------+--------+--------+--------+-----+--------+
         Total |  68927 |  60876 |   8051 |  14229 |  32830 |  51 | 1351.5 |
       Dungeon |  19683 |  16277 |   3406 |   2589 |  10335 |  15 | 1312.2 |
        Temple |      1 |      1 |      0 |      0 |      0 |   1 |    1.0 |
          Lair |   6327 |   5241 |   1086 |    668 |   3199 |   5 | 1265.4 |
        Shoals |   7115 |   6531 |    584 |   1533 |   3448 |   4 | 1778.8 |
     Snake Pit |   7983 |   7283 |    700 |   1435 |   4631 |   4 | 1995.8 |
    Slime Pits |   3288 |   3064 |    224 |   1598 |    433 |   5 |  657.6 |
  Orcish Mines |   1684 |   1384 |    300 |    358 |    709 |   2 |  842.0 |
        Vaults |   7309 |   6757 |    552 |    942 |   4483 |   4 | 1827.2 |
        Depths |   9579 |   8646 |    933 |   3083 |   3554 |   4 | 2394.8 |
           Zot |   4666 |   4404 |    262 |   1597 |   1715 |   5 |  933.2 |
        Bailey |    663 |    663 |      0 |    173 |    133 |   1 |  663.0 |
      Gauntlet |    626 |    626 |      0 |    250 |    189 |   1 |  626.0 |
               +--------+--------+--------+--------+--------+-----+--------+

Top non-repeatable levels by time:
Depths:2: 3316 daAuts
Depths:4: 2832 daAuts
   Zot:5: 2570 daAuts
 Snake:4: 2496 daAuts
 Slime:5: 2216 daAuts
 Snake:1: 2116 daAuts
Shoals:1: 2055 daAuts
    D:10: 1988 daAuts
 Snake:3: 1953 daAuts
    D:11: 1948 daAuts
Vaults:1: 1924 daAuts
     D:7: 1902 daAuts
Depths:3: 1890 daAuts
Shoals:4: 1881 daAuts
Vaults:2: 1874 daAuts
